 Dungeon Crawl Stone Soup version 0.30-a0-311-gf115ab0292 (webtiles) character file.

Game seed: 12233267829002237789

25 mufasuh the Grave Robber (level 2, -3/19 HPs)
             Began as a Mummy Necromancer on Oct 25, 2022.
             Slain by a gnoll
             ... wielding a +0 spear
              (4 damage)
             ... on level 3 of the Dungeon.
             The game lasted 00:16:11 (811 turns).

mufasuh the Grave Robber (Mummy Necromancer)         Turns: 811, Time: 00:16:12

Health: -3/19      AC:  2    Str: 11    XL:     2   Next: 82%
Magic:  3/6        EV: 12    Int: 14    God:
Gold:   32         SH:  0    Dex: 12    Spells: 6/7 levels left

rFire   x . .      SeeInvis .    b - +0 quarterstaff
rCold   + . .      Faith    +    (shield currently unavailable)
rNeg    + + +      Spirit   .    a - +0 robe
rPois   ∞          Reflect  .    (no helmet)
rElec   .          Harm     .    (no cloak)
rCorr   .          Rampage  .    (no gloves)
Will    .....                    (no boots)
Stlth   ++........               (no amulet)
HPRegen 0.23/turn                (no ring)
MPRegen 0.10/turn                (no ring)

@: no status effects
A: cold resistance 1, negative energy resistance 3, torment resistance 2, heat
vulnerability 1, no potions, faith
a: no special abilities


You were on level 3 of the Dungeon.
You visited 1 branch of the dungeon, and saw 3 of its levels.

You collected 32 gold pieces.

Inventory:

Hand Weapons
 b - a +0 quarterstaff (weapon)
 d - a +0 spear
 e - a +0 club
 g - a +0 dagger
 j - a +0 dagger
 k - a +0 whip
 n - a +0 whip
 o - a +0 whip
Missiles
 h - 7 stones
Armour
 a - a +0 robe (worn)
 f - a +0 robe
 m - a +0 robe
Scrolls
 c - 3 scrolls of identify
 l - a scroll of amnesia {unknown}
Potions
 i - a potion of berserk rage


   Skills:
 + Level 0.1 Fighting
 + Level 0.1 Staves
 + Level 1.7 Dodging
 + Level 1.6 Stealth
 + Level 3.1 Spellcasting
 + Level 4.5 Necromancy


You had 6 spell levels left.
You knew the following spells:

 Your Spells              Type           Power      Damage    Failure   Level
a - Necrotise             Necr           56%        1d6       3%          1

Your spell library contained the following spells:

 Spells                   Type           Power      Damage    Failure   Level
 Vampiric Draining        Necr           14%        2d7       10%         3
 Slow                     Hex            8%         N/A       22%         1
 Animate Dead             Necr           14%        N/A       32%         4
 Confusing Touch          Hex            2%         N/A       54%         3
 Agony                    Necr           14%        N/A       65%         5


Dungeon Overview and Level Annotations

Branches:
Dungeon (3/15)

Altars:


Innate Abilities, Weirdness & Mutations

You are immune to poison.
Your flesh is cold resistant. (rC+)
You are immune to negative energy. (rN+++)
You are immune to unholy pain and torment.
You are vulnerable to heat. (rF-)
You do not drink.
You have a special connection with the divine. (Faith)


Message History

Casting: Necrotise (safe; 3% risk of failure)
Confirm with . or Enter, or press ? or * to list all spells.
You can't see any susceptible monsters within range! (Use Z to cast anyway.)
Casting: Necrotise (safe; 3% risk of failure)
Confirm with . or Enter, or press ? or * to list all spells.
Aiming: Necrotise (safe; 3% risk of failure)
Press: ? - help, Shift-Dir - straight line, f - bat
Aim: a bat (chance to affect: 84%)
The bat writhes in agony.
You kill the bat!
The dead are flying!
There is a stone staircase leading down here.
HP restored.
You climb downwards.
Your mindless puppet stays behind to rot.
There is a stone staircase leading up here.
Casting: Necrotise (safe; 3% risk of failure)
Confirm with . or Enter, or press ? or * to list all spells.
Aiming: Necrotise (safe; 3% risk of failure)
Press: ? - help, Shift-Dir - straight line, f - gnoll
Aim: a gnoll, wielding a +0 halberd (chance to affect: 78%)
The gnoll writhes in agony.
Casting: Necrotise (safe; 3% risk of failure)
Confirm with . or Enter, or press ? or * to list all spells.
Aiming: Necrotise (safe; 3% risk of failure)
Press: ? - help, Shift-Dir - straight line, f/p - gnoll
Aim: a gnoll, wielding a +0 halberd (lightly wounded, chance to affect: 78%)
The gnoll writhes in agony.
The gnoll hits you from afar with a +0 halberd!
Casting: Necrotise (safe; 3% risk of failure)
Confirm with . or Enter, or press ? or * to list all spells.
Aiming: Necrotise (safe; 3% risk of failure)
Press: ? - help, Shift-Dir - straight line, f/p - gnoll
Aim: a gnoll, wielding a +0 halberd (heavily wounded, chance to affect: 78%)
The gnoll writhes in agony.
The gnoll hits you from afar with a +0 halberd!
Ouch! That really hurt!
* * * LOW HITPOINT WARNING * * *
The gnoll hits you from afar with a +0 spear.
You die...

#########
#..@....#
#...<...#
#..gg...#
#.......#
#.......#
#.......#
#.......#
#######.####
.# #....##
#.#


You could see 2 gnolls.

Vanquished Creatures
  A gnoll (D:3)
  A dart slug (D:1)
  A ball python (D:3)
  An endoplasm (D:3)
  A giant cockroach (D:1)
  A quokka (D:1)
  2 bats
  3 kobolds
  2 rats (D:1)
13 creatures vanquished.

Vanquished Creatures (collateral kills)
  A giant cockroach (D:3)
1 creature vanquished.

Grand Total: 14 creatures vanquished

Notes
Turn   | Place    | Note
-------+----------+-------------------------------------------
     0 | D:1      | mufasuh the Mummy Necromancer began the quest for the Orb.
     0 | D:1      | Reached XP level 1. HP: 13/13 MP: 4/4
   510 | D:1      | Reached XP level 2. HP: 3/19 MP: 0/5
   811 | D:3      | Slain by a gnoll

Illustrated notes

Levels and vault maps discovered:
D:1:      dpeg_arrival_water_altar, layout_basic,
          shapermc_ecumenical_altar_mp_ritualfount
D:2:      layout_basic, serial_shops, nicolae_shop_stone
D:3:      layout_rooms

Skill      XL: |  1  2 |
---------------+-------+-----
Spellcasting   | 3 |  3.1
Fighting       | |  0.1
Staves         | |  0.1
Dodging        | |  1.7
Stealth        | |  1.6
Necromancy     | |  4.5

Action                   || total
-------------------------++-------
Melee: Quarterstaff      ||     9
 Cast: Necrotise         ||    22
  Use: Scroll            ||     1
Armor: Robe              ||     1
Dodge: Dodged            ||    11

Table legend: (Time is in decaauts)
 A = Elapsed time spent in this place.
 B = Non-inter-level travel time spent in this place.
 C = Inter-level travel time spent in this place.
 D = Time resting spent in this place.
 E = Time spent auto-exploring this place.
 F = Levels seen in this place.
 G = Mean time per level.
                   A        B        C        D        E       F      G
               +--------+--------+--------+--------+--------+-----+--------+
         Total |    814 |    691 |    123 |    344 |    156 |   3 |  271.3 |
       Dungeon |    814 |    691 |    123 |    344 |    156 |   3 |  271.3 |
               +--------+--------+--------+--------+--------+-----+--------+

Top non-repeatable levels by time:
     D:1: 607 daAuts
     D:3: 109 daAuts
     D:2: 97 daAuts
